 Dungeon Crawl Stone Soup version 0.18.1-8-gdd0e5ea (webtiles) character file.

10 jacquesderrida the Charmwright (level 2, 20/22 HPs)
             Began as a Demonspawn Skald on May 27, 2016.
             Quit the game on level 1 of the Dungeon.
             The game lasted 00:00:24 (349 turns).

jacquesderrida the Charmwright (Demonspawn Skald)    Turns: 349, Time: 00:00:26

Health: 20/22      AC:  3    Str: 12    XL:     2   Next: 10%
Magic:  5/5        EV: 11    Int: 13    God:
Gold:   13         SH:  0    Dex: 12    Spells: 1 memorised, 4 levels left

rFire  . . .     SeeInvis .     a - +0 spear
rCold  . . .     Gourm    .     b - +0 leather armour
rNeg   . . .     Faith    .     (no shield)
rPois  .         Spirit   .     (no helmet)
rElec  .         Dismiss  .     (no cloak)
rCorr  +         Reflect  .     (no gloves)
SustAt .         Harm     .     (no boots)
MR     .....                    (no amulet)
Stlth  +.........               (no ring)
                                j - ring of resist corrosion

@: not resistant to hostile enchantments, very unstealthy
A: powered by pain 1
a: no special abilities


You were on level 1 of the Dungeon.
You were not hungry.

You visited 1 branch of the dungeon, and saw 1 of its levels.

You collected 13 gold pieces.

Inventory:

Hand Weapons
 a - a +0 spear (weapon)
Armour
 b - a +0 leather armour (worn)
Jewellery
 j - a ring of resist corrosion (left hand)
Scrolls
 e - a scroll of blinking {unknown}
 h - 2 scrolls of remove curse {unknown}
Potions
 f - a potion of might {unknown}
 i - a potion of agility {unknown}
 k - a potion of haste {unknown}
Books
 c - a book of Battle

   Spells                             Type                      Level
   a - Infusion                       Charms                       1
   b - Shroud of Golubria             Charms/Translocation         2
   c - Song of Slaying                Charms                       2
   d - Spectral Weapon                Hexes/Charms                 3
   e - Regeneration                   Charms/Necromancy            3
Comestibles
 d - 2 bread rations
 g - 5 fruits


   Skills:
 - Level 2.0 Fighting
 + Level 2.0 Polearms
 - Level 0.8 Armour
 - Level 0.8 Dodging
 - Level 2.1 Spellcasting
 - Level 3.1 Charms


You had 4 spell levels left.
You knew the following spells:

 Your Spells              Type           Power        Failure   Level  Hunger
a - Infusion              Chrm           #...         12%         1    ##.....


Dungeon Overview and Level Annotations

Branches:
Dungeon (1/15)

Altars:


Innate Abilities, Weirdness & Mutations

You sometimes gain a little power by taking damage.


Message History

The giant cockroach is moderately wounded.
The giant cockroach bites you.
You closely miss the giant cockroach.
The giant cockroach is moderately wounded.
The giant cockroach barely misses you.
You closely miss the giant cockroach.
The giant cockroach is moderately wounded.
The giant cockroach barely misses you.
You closely miss the giant cockroach.
The giant cockroach is moderately wounded.
The giant cockroach bites you.
The giant cockroach bites you but does no damage.
You completely miss the giant cockroach.
The giant cockroach is moderately wounded.
The giant cockroach misses you.
A giant cockroach is nearby!
You hit the giant cockroach.
You kill the giant cockroach!
Your Polearms skill increases to level 2!
Are you sure you want to abandon this character and quit the game? (Confirm with "yes".)

#.# #....# #.####...... #.#
##########....# #.##........ #.#
#.............# #.##.####### #.#
#.............# #.##.# #.#
#.............####'##.# #.#
#...................#.# #.#
#...................'.# #.#
#...................######### #.#
#...........@†...............
#.###..................#.########
#.#.'.........).########.# #
#.#.#.........### #.# #
#.#.########.## #.# # #.#.#
#####.###########.# # #.#.#
#...............#.######## #.#.#
#.#############.#.#.....## #.#.#
#.# #...# #.#.#.###...


There were no monsters in sight!

Vanquished Creatures
  A giant gecko (D:1)
  A bat (D:1)
  A giant cockroach (D:1)
  A goblin (D:1)
  3 hobgoblins (D:1)
7 creatures vanquished.

Notes
Turn   | Place    | Note
--------------------------------------------------------------
     0 | D:1      | jacquesderrida the Demonspawn Skald began the quest for the Orb.
     0 | D:1      | Reached XP level 1. HP: 16/16 MP: 3/3
   120 | D:1      | Reached skill level 3 in Charms
   215 | D:1      | Gained mutation: You sometimes gain a little power by taking damage. [demonic ancestry]
   215 | D:1      | Reached XP level 2. HP: 16/22 MP: 5/5
   349 | D:1      | Quit the game

Skill      XL: |  1  2 |
---------------+-------+-----
Charms         | 3 |  3.1
Polearms       | 2 |  2.0
Fighting       | |  2.0
Armour         | |  0.8
Dodging        | |  0.8
Spellcasting   | |  2.1

Action                   || total
-------------------------++-------
Melee: Spear             ||    32
Armor: Leather armour    ||     5
Dodge: Dodged            ||    13
